PCL
SANTA MONICA BRUINS @ DISTRICT 9 PRAWNS
09/03/2028
 
TOP OF THE 1ST
Santa Monica Bruins batting - Pitching for District 9 Prawns : RHP Víctor Ventura
Pitching: RHP Víctor Ventura
Batting: RHB Ernest Russell 0-0: Ball
1-0: Foul Ball, location: 2F
1-1: Called Strike
1-2: Foul Ball, location: 2F
1-2: Foul Ball, location: 2F
1-2: Fly out, F9 (Line Drive, 89D)
Batting: LHB Ethan Shaw 0-0: Ball
1-0: Ball
2-0: Called Strike
2-1: Ground out 4-3 (Groundball, 4)
Batting: SHB Zach Franks 0-0: Ball
1-0: DOUBLE (Line Drive, 78D)
Batting: LHB Ken Phillips Error on foul ball, E7
0-1: Ball
1-1: Ball
2-1: Ground out 4-3 (Groundball, 34)
Top of the 1st over - 0 run(s), 1 hit(s), 1 error(s), 1 left on base; Santa Monica 0 - District 9 0
BOTTOM OF THE 1ST
District 9 Prawns batting - Pitching for Santa Monica Bruins : RHP Roberto Carrillo
Pitching: RHP Roberto Carrillo
Batting: SHB José Estreito 0-0: Ball
1-0: Ball
2-0: Ball
3-0: Called Strike
3-1: Base on Balls
Batting: RHB José Colón 0-0: Ball
1-0: Ball
2-0: Swinging Strike
2-1: Foul Ball, location: 2F
2-2: Ball
3-2: Strikes out swinging
José Estreito steals 2nd base
Batter strikes out.
Batting: RHB Felipe Jareño 0-0: Foul Ball, location: 2F
0-1: Ball
1-1: Called Strike
1-2: Fly out, F9 (Flyball, 9)
Batting: LHB Leonard Young 0-0: Called Strike
0-1: Foul Ball, location: 2F
0-2: Ball
1-2: Foul Ball, location: 2F
1-2: Fly out, F6 (Popup, 56)
Bottom of the 1st over - 0 run(s), 0 hit(s), 0 error(s), 1 left on base; Santa Monica 0 - District 9 0
TOP OF THE 2ND
Santa Monica Bruins batting - Pitching for District 9 Prawns : RHP Víctor Ventura
Batting: RHB Jake Reeves 0-0: Foul Ball, location: 2F
0-1: DOUBLE (Line Drive, 8LD)
Batting: SHB Adrián Nieto 0-0: Ball
1-0: Ball
2-0: Ball
3-0: Base on Balls
Batting: RHB Armando Colón 0-0: Ball
1-0: SINGLE (Line Drive, 9S)
Jake Reeves to third
Adrián Nieto to second
Runner from 3rd tries for Home, SAFE, throw made home
Adrián Nieto to third
Armando Colón to second
Batting: RHB Bonifacio Torres 0-0: Ball
1-0: Fly out, F9 (Line Drive, 9)
Runner from 3rd tags up, SCORES, throw made
Batting: RHB Fred Ameris 0-0: Called Strike
0-1: Foul Ball, location: 2F
0-2: Strikes out looking
Batting: RHB Ernest Russell 0-0: Ball
1-0: Fly out, F9 (Flyball, 9S)
Top of the 2nd over - 2 run(s), 2 hit(s), 0 error(s), 1 left on base; Santa Monica 2 - District 9 0
BOTTOM OF THE 2ND
District 9 Prawns batting - Pitching for Santa Monica Bruins : RHP Roberto Carrillo
Batting: RHB Reynold Akker 0-0: Ball
1-0: Ball
2-0: Foul Ball, location: 2F
2-1: Ball
3-1: Called Strike
3-2: Base on Balls
Batting: RHB Carlos Flores 0-0: Foul Ball, location: 2F
0-1: Ball
1-1: Ball
2-1: SINGLE (Groundball, 6) (infield hit)
Reynold Akker to second
Batting: LHB Al Bartlett 0-0: Ball
1-0: Ball
2-0: SINGLE (Line Drive, 3D)
Reynold Akker to third
Carlos Flores to second
Batting: RHB Jim Edgar 0-0: Foul Ball, location: 2F
0-1: Ball
1-1: Called Strike
1-2: Strikes out swinging
Batting: RHB Phil Jacobs 0-0: Called Strike
0-1: Hit by Pitch
Reynold Akker scores
Carlos Flores to third
Al Bartlett to second
Batting: SHB José Estreito 0-0: Ball
1-0: Grounds into fielders choice 1-2 (Groundball, P)
Al Bartlett to third
Phil Jacobs to second
Batting: RHB José Colón 0-0: Called Strike
0-1: Ball
1-1: Called Strike
1-2: Ball
2-2: DOUBLE (Line Drive, 7LM)
Al Bartlett scores
Phil Jacobs scores
José Estreito to third
Runner from 3rd tries for Home, SAFE, no throw
Batting: RHB Felipe Jareño 0-0: Called Strike
0-1: Foul Ball, location: 2F
0-2: Ball
1-2: Ball
2-2: Ball
3-2: Base on Balls
Batting: LHB Leonard Young 0-0: DOUBLE (Line Drive, 8RXD)
José Colón scores
Felipe Jareño to third
Runner from 3rd tries for Home, throw and OUT!
Bottom of the 2nd over - 5 run(s), 4 hit(s), 0 error(s), 1 left on base; Santa Monica 2 - District 9 5
TOP OF THE 3RD
Santa Monica Bruins batting - Pitching for District 9 Prawns : RHP Víctor Ventura
Batting: LHB Ethan Shaw 0-0: Ground out U3 (Groundball, 34S)
Batting: SHB Zach Franks 0-0: Ball
1-0: Called Strike
1-1: Ball
2-1: Ball
3-1: Foul Ball, location: 2F
3-2: Base on Balls
Batting: LHB Ken Phillips 0-0: Foul Ball, location: 2F
0-1: Ball
1-1: Called Strike
1-2: 2-RUN HOME RUN (Flyball, 89XD), Distance : 409 ft
Batting: RHB Jake Reeves 0-0: TRIPLE (Flyball, 89D)
Batting: SHB Adrián Nieto 0-0: Ball
1-0: SINGLE (Groundball, 34D)
Jake Reeves scores
Batting: RHB Armando Colón 0-0: Ground out 5-3 (Groundball, 56S)
Adrián Nieto to second
Batting: RHB Bonifacio Torres 0-0: Ground out 4-3 (Groundball, 34)
Top of the 3rd over - 3 run(s), 3 hit(s), 0 error(s), 1 left on base; Santa Monica 5 - District 9 5
BOTTOM OF THE 3RD
District 9 Prawns batting - Pitching for Santa Monica Bruins : RHP Roberto Carrillo
Batting: RHB Reynold Akker 0-0: Ball
1-0: Called Strike
1-1: Ball
2-1: Swinging Strike
2-2: Strikes out swinging
Pitching: LHP Don Sutherland
Batting: RHB Carlos Flores 0-0: Called Strike
0-1: Called Strike
0-2: Ball
1-2: Ball
2-2: Hit by Pitch
Batting: LHB Al Bartlett 0-0: Called Strike
0-1: Ball
1-1: Called Strike
1-2: Strikes out looking
Batting: RHB Jim Edgar 0-0: Fielders Choice at 2nd, 4-6 (Groundball, 4)
Bottom of the 3rd over - 0 run(s), 0 hit(s), 0 error(s), 0 left on base; Santa Monica 5 - District 9 5
TOP OF THE 4TH
Santa Monica Bruins batting - Pitching for District 9 Prawns : RHP Víctor Ventura
Batting: RHB Fred Ameris 0-0: Ground out 3-1 (Groundball, 34)
Batting: RHB Ernest Russell 0-0: Ball
1-0: Ground out 6-3 (Groundball, 6)
Batting: LHB Ethan Shaw 0-0: Fly out, F4 (Popup, 3D)
Top of the 4th over - 0 run(s), 0 hit(s), 0 error(s), 0 left on base; Santa Monica 5 - District 9 5
BOTTOM OF THE 4TH
District 9 Prawns batting - Pitching for Santa Monica Bruins : LHP Don Sutherland
Batting: RHB Phil Jacobs 0-0: Ball
1-0: Bunted foul
1-1: Ball
2-1: Ball
3-1: Base on Balls
Batting: SHB José Estreito 0-0: Called Strike
0-1: Fly out, F7 (Line Drive, 7)
Batting: RHB José Colón 0-0: Called Strike
0-1: Fly out, F9 (Flyball, 89M)
Batting: RHB Felipe Jareño 0-0: Called Strike
0-1: Ball
1-1: Ball
2-1: SINGLE (Line Drive, 34)
Phil Jacobs to second
Batting: LHB Leonard Young 0-0: Ball
1-0: Ball
2-0: SINGLE (Groundball, 34S) (infield hit)
Phil Jacobs to third
Felipe Jareño to second
Batting: RHB Reynold Akker 0-0: Called Strike
0-1: Called Strike
0-2: Ball
1-2: Foul Ball, location: 2F
1-2: Ball
2-2: Fielders Choice at 2nd, 6-4 (Groundball, 6)
Bottom of the 4th over - 0 run(s), 2 hit(s), 0 error(s), 2 left on base; Santa Monica 5 - District 9 5
TOP OF THE 5TH
Santa Monica Bruins batting - Pitching for District 9 Prawns : RHP Víctor Ventura
Batting: SHB Zach Franks 0-0: Ball
1-0: Ball
2-0: Called Strike
2-1: Called Strike
2-2: Foul Ball, location: 2F
2-2: Strikes out swinging
Pitching: RHP Júlio Lucchi
Batting: LHB Ken Phillips 0-0: Ball
1-0: Ball
2-0: SINGLE (Flyball, 7S) - OUT at second base trying to stretch hit.
Batting: RHB Jake Reeves 0-0: Called Strike
0-1: Foul Ball, location: 2F
0-2: Strikes out swinging
Top of the 5th over - 0 run(s), 1 hit(s), 0 error(s), 0 left on base; Santa Monica 5 - District 9 5
BOTTOM OF THE 5TH
District 9 Prawns batting - Pitching for Santa Monica Bruins : LHP Don Sutherland
Batting: RHB Carlos Flores 0-0: Foul Ball, location: 2F
0-1: Swinging Strike
0-2: Ball
1-2: Strikes out swinging
Batting: LHB Al Bartlett 0-0: Ball
1-0: Swinging Strike
1-1: Foul Ball, location: 2F
1-2: Ball
2-2: Foul Ball, location: 2F
2-2: Ground out 6-3 (Groundball, 6)
Batting: RHB Jim Edgar 0-0: Called Strike
0-1: Ball
1-1: Called Strike
1-2: Ground out 1-3 (Groundball, P)
Bottom of the 5th over - 0 run(s), 0 hit(s), 0 error(s), 0 left on base; Santa Monica 5 - District 9 5
TOP OF THE 6TH
Santa Monica Bruins batting - Pitching for District 9 Prawns : RHP Júlio Lucchi
Batting: SHB Adrián Nieto 0-0: Ball
1-0: Ball
2-0: Ball
3-0: Called Strike
3-1: Called Strike
3-2: Fly out, F8 (Flyball, 8LM)
Batting: RHB Armando Colón 0-0: Swinging Strike
0-1: Swinging Strike
0-2: Strikes out looking
Batting: RHB Bonifacio Torres 0-0: Called Strike
0-1: Ball
1-1: Ball
2-1: Ball
3-1: Base on Balls
Batting: RHB Fred Ameris 0-0: Called Strike
0-1: Ball
1-1: Foul Ball, location: 2F
1-2: Strikes out swinging
Top of the 6th over - 0 run(s), 0 hit(s), 0 error(s), 1 left on base; Santa Monica 5 - District 9 5
BOTTOM OF THE 6TH
District 9 Prawns batting - Pitching for Santa Monica Bruins : LHP Don Sutherland
Batting: RHB Phil Jacobs 0-0: Called Strike
0-1: Ball
1-1: Foul Ball, location: 2F
1-2: Strikes out looking
Batting: SHB José Estreito 0-0: Called Strike
0-1: Ball
1-1: Called Strike
1-2: Ball
2-2: Ball
3-2: Base on Balls
Pitching: RHP Joe Shoemaker
Batting: RHB José Colón 0-0: Called Strike
José Estreito steals 2nd base
0-1: Swinging Strike
0-2: Ball
1-2: Ball
2-2: Ball
3-2: Foul Ball, location: 2F
3-2: Foul Ball, location: 2F
3-2: SINGLE (Groundball, 6D)
José Estreito to third
Runner from 3rd tries for Home, SAFE, no throw
Batting: RHB Felipe Jareño 0-0: Called Strike
0-1: Foul Ball, location: 2F
0-2: Ball
1-2: Ball
2-2: Fly out, F9 (Flyball, 9LSF)
Batting: LHB Leonard Young 0-0: Ball
1-0: Ball
2-0: Called Strike
2-1: Ball
3-1: Fielders Choice at 2nd, 4-6 (Groundball, 4)
Bottom of the 6th over - 1 run(s), 1 hit(s), 0 error(s), 0 left on base; Santa Monica 5 - District 9 6
TOP OF THE 7TH
Santa Monica Bruins batting - Pitching for District 9 Prawns : RHP Júlio Lucchi
Batting: RHB Ernest Russell 0-0: Swinging Strike
0-1: Ball
1-1: Swinging Strike
1-2: Foul Ball, location: 2F
1-2: Ball
2-2: Strikes out swinging
Pitching: LHP Ben Johnson
Batting: LHB Ethan Shaw 0-0: Ball
1-0: Fly out, F7 (Flyball, 7D)
Batting: SHB Zach Franks 0-0: Ball
1-0: Ball
2-0: Fly out, F7 (Flyball, 78M)
Top of the 7th over - 0 run(s), 0 hit(s), 0 error(s), 0 left on base; Santa Monica 5 - District 9 6
BOTTOM OF THE 7TH
District 9 Prawns batting - Pitching for Santa Monica Bruins : RHP Joe Shoemaker
Batting: RHB Reynold Akker 0-0: Ball
1-0: Called Strike
1-1: Ball
2-1: Ground out U3 (Groundball, 3)
Batting: RHB Carlos Flores 0-0: Called Strike
0-1: Ball
1-1: Ball
2-1: Foul Ball, location: 2F
2-2: Foul Ball, location: 2F
2-2: Strikes out swinging
Batting: LHB Al Bartlett 0-0: Ball
1-0: Foul Ball, location: 2F
1-1: Foul Ball, location: 2F
1-2: Foul Ball, location: 2F
1-2: Ball
2-2: Foul Ball, location: 2F
2-2: Strikes out swinging
Bottom of the 7th over - 0 run(s), 0 hit(s), 0 error(s), 0 left on base; Santa Monica 5 - District 9 6
TOP OF THE 8TH
Santa Monica Bruins batting - Pitching for District 9 Prawns : LHP Ben Johnson
Pitching: LHP Ricardo Vega
Now in LF: Donnie Cunningham
Now in CF: Gil Palmer
Batting: LHB Ken Phillips 0-0: Called Strike
0-1: Ground out 4-3 (Groundball, 4MS)
Pitching: RHP Lee Hecker
Batting: RHB Jake Reeves 0-0: Ball
1-0: Ball
2-0: Called Strike
2-1: Ball
3-1: Fly out, F8 (Line Drive, 8LXD)
Batting: SHB Adrián Nieto 0-0: Fly out, F3 (Line Drive, 3S)
Top of the 8th over - 0 run(s), 0 hit(s), 0 error(s), 0 left on base; Santa Monica 5 - District 9 6
BOTTOM OF THE 8TH
District 9 Prawns batting - Pitching for Santa Monica Bruins : RHP Joe Shoemaker
Batting: RHB Jim Edgar 0-0: Called Strike
0-1: Swinging Strike
0-2: Ball
1-2: Ground out 6-3 (Groundball, 6)
Batting: RHB Phil Jacobs 0-0: Swinging Strike
0-1: Swinging Strike
0-2: Strikes out swinging
Batting: SHB José Estreito 0-0: Swinging Strike
0-1: Ball
1-1: Foul Ball, location: 2F
1-2: Ball
2-2: Strikes out swinging, 2-3 out at first.
Bottom of the 8th over - 0 run(s), 0 hit(s), 0 error(s), 0 left on base; Santa Monica 5 - District 9 6
TOP OF THE 9TH
Santa Monica Bruins batting - Pitching for District 9 Prawns : RHP Lee Hecker
Pitching: RHP Clayton Hawkins
Now at SS: Boyd Pittman
Pinch Hitting: RHB Pablo Peña 0-0: Ball
1-0: Ball
2-0: Ball
3-0: Base on Balls
Pinch Runner at 1st Gonzalo Benítez:
Batting: RHB Bonifacio Torres 0-0: Ball
1-0: Grounds into double play, 5-4-3 (Groundball, 56)
Pinch Hitting: SHB Ken Hernández 0-0: Fly out, F8 (Flyball, 8RM)
Top of the 9th over - 0 run(s), 0 hit(s), 0 error(s), 0 left on base; Santa Monica 5 - District 9 6
Tuesday, August 8th, 2017 - OOTP Baseball 17.12 Build 75